 Dungeon Crawl Stone Soup version 0.24.0-123-gd5b16e6ec5 (webtiles) character file.

Game seed: 9612286653427247713, levelgen mode: deterministic

1794 Amplified the Prestidigitator (level 8, 0/74 HPs)
             Began as a Deep Dwarf Artificer on Dec 25, 2019.
             Was an Initiate of Makhleb.
             Slain by a killer bee (4 damage)
             ... on level 8 of the Dungeon.
             The game lasted 00:11:52 (4707 turns).

Amplified the Prestidigitator (DDAr)                Turns: 4707, Time: 00:11:52

Health: 0/74       AC:  8    Str: 25    XL:     8   Next: 82%
Magic:  11/11      EV: 14    Int: 12    God:    Makhleb [......]
Gold:   72         SH:  0    Dex: 13    Spells: 5/7 levels left

rFire    + . .     SeeInvis .   n - +0 rapier (elec)
rCold    . . .     Gourm    .   (no shield)
rNeg     . . .     Faith    .   b - +0 leather armour
rPois    .         Spirit   .   p - +1 helmet
rElec    +         Reflect  .   h - scarf {cloud immunity}
rCorr    .         Harm     .   q - +2 pair of gloves
MR       +....                  (no boots)
Stlth    +.........             (no amulet)
HPRegen  0.00/turn              k - +2 ring of slaying
MPRegen  0.12/turn              v - ring "Boogg" {*Slow rElec rF+ Str+7}

@: lethally poisoned (0 -> 0), non-regenerating
A: damage resistance, heal wounds, sense surroundings 1, no regeneration
a: Heal Wounds, Renounce Religion


You were on level 8 of the Dungeon.
You worshipped Makhleb.
Makhleb was noncommittal.
You were not hungry.

You visited 2 branches of the dungeon, and saw 9 of its levels.

You collected 328 gold pieces.
You spent 256 gold pieces at shops.

Inventory:

Hand Weapons
 a - a +1 short sword
 n - a +0 rapier of electrocution (weapon)
 x - a +2 war axe of distortion
Missiles
 i - 45 poisoned darts (quivered)
Armour
 b - a +0 leather armour (worn)
 h - a scarf of cloud immunity (worn)
 p - a +1 helmet (worn)
 q - a +2 pair of gloves (worn)
Jewellery
 k - a +2 ring of slaying (left hand)
 s - a +2 ring of strength
 t - a +3 ring of protection
 v - the ring "Boogg" (right hand) {*Slow rElec rF+ Str+7}
   (You found it on level 6 of the Dungeon)

   [ring of protection from fire]

   It affects your strength (+7).
   It protects you from fire.
   It insulates you from electricity.
   It may slow you when you take damage.
 w - an uncursed ring of wizardry {unknown}
Wands
 c - a wand of flame (8)
 d - a wand of enslavement (7)
 e - a wand of random effects (31)
Scrolls
 g - 2 scrolls of fog
 j - 3 scrolls of noise {unknown}
 l - a scroll of remove curse
 o - a scroll of torment
 r - a scroll of teleportation
Potions
 m - a potion of cancellation
Comestibles
 f - 13 rations
 u - 18 chunks of flesh


   Skills:
 * Level 5.3 Fighting
 * Level 4.5 Short Blades
 + Level 4.3 Armour
 + Level 4.9 Dodging
 - Level 1.2 Stealth
 * Level 8.8 Evocations


You had 5 spell levels left.
You knew the following spells:

 Your Spells              Type           Power        Failure   Level  Hunger
a - Blink                 Tloc           N/A          50%         2    ###....

Your spell library contained the following spells:

 Spells                   Type           Power        Failure   Level  Hunger
 Magic Dart               Conj           #...         36%         1    ##.....
 Call Imp                 Summ           #.......     50%         2    ###....
 Slow                     Hex            #.......     50%         2    ###....
 Conjure Flame            Conj/Fire      #.......     73%         3    ####...
 Mephitic Cloud           Conj/Pois/Air  #.......     73%         3    ####...


Dungeon Overview and Level Annotations

Branches:
Dungeon (8/15)             Temple (1/1) D:7
   Lair: D:8-11

Altars:
Ashenzari
Cheibriados
Dithmenos
Elyvilon
Fedhas
Gozag
Kikubaaqudgha
Makhleb
Nemelex Xobeh
Okawaru
Qazlal
Ru
Sif Muna
Trog
Uskayaw
Vehumet
Wu Jian
Xom
Yredelemnul
Zin
The Shining One

Shops:
D:6 *


Innate Abilities, Weirdness & Mutations

You are resistant to damage.
You can heal yourself by infusing magical energy.
You passively map a small area around you.
You do not regenerate.


Message History

You throw a poisoned dart.
The poisoned dart closely misses the killer bee.
The killer bee buzzes angrily.
Unknown command.
Throwing (i - inventory)
i - 46 poisoned darts (quivered)
Press: ? - help, Shift-Dir - straight line, f/p - killer bee
Aim: a killer bee You throw a poisoned dart.
The poisoned dart barely misses the killer bee.
The killer bee closely misses you. The killer bee stings you.
* * * LOW HITPOINT WARNING * * *
You are poisoned.
The killer bee poisons you!
You closely miss the killer bee. The killer bee stings you.
* * * LOW HITPOINT WARNING * * *
The killer bee stings you.
* * * LOW HITPOINT WARNING * * *
You closely miss the killer bee. The killer bee stings you.
The killer bee stings you!
You die...

### , #.#
* , #.# *
,, #.# , ,
,#.# * , *
, #.# , ,
#.#.# ** *
* * #.#.#
, , #.#<#
* ** #.#@#
*
#####.#y#
, .....#.#
, ,
#####..#(#
..)?o..((#
,
####<..###
#.#. * #
.. *###


You could see a killer bee.

Vanquished Creatures
  A hungry ghost (D:8)
  Menkaure (D:4)
  An orc warrior (D:8)
  A sky beast (D:6)
  2 ogres (D:7)
  2 bullfrogs
  3 iguanas
  A killer bee (D:8)
  A wight (D:6)
  2 howler monkeys (D:4)
  A bullfrog zombie (D:5)
  2 crimson imps
  2 bullfrog skeletons
  A centaur skeleton (D:4)
  3 hounds
  An orc wizard (D:6)
  Ijyb (D:3)
  Natasha (thrice) (D:3)
  6 worker ants
  A hound skeleton (D:6)
  Robin (D:2)
  2 howler monkey skeletons
  6 adders
  2 shadow imps
  A worm (D:4)
  3 dart slugs
  5 leopard geckos
  15 orcs
  3 bats
  9 giant cockroaches
  17 goblins
  7 hobgoblins
  8 jackals
  3 quokkas
  3 ball pythons
  9 frilled lizards
  4 kobolds
  A quokka skeleton (D:4)
  7 rats
142 creatures vanquished.

Vanquished Creatures (collateral kills)
  A centaur (D:4)
  An orc priest (D:5)
  2 orcs (D:5)
4 creatures vanquished.

Vanquished Creatures (others)
  An orc (D:8)
  A rat (D:2)
2 creatures vanquished.

Grand Total: 148 creatures vanquished

Notes
Turn   | Place    | Note
-------+----------+-------------------------------------------
     0 | D:1      | Amplified the Deep Dwarf Artificer began the quest for the
                  | Orb.
     0 | D:1      | Reached XP level 1. HP: 16/16 MP: 3/3
   102 | D:1      | Reached skill level 1 in Fighting
   156 | D:1      | Reached XP level 2. HP: 23/25 MP: 5/5
   808 | D:1      | Reached skill level 1 in Armour
  1057 | D:1      | Reached XP level 3. HP: 16/31 MP: 6/6
  1298 | D:2      | Found a shimmering altar of Xom.
  1335 | D:2      | Reached skill level 5 in Evocations
  1335 | D:2      | Reached XP level 4. HP: 18/39 MP: 7/7
  1627 | D:2      | Noticed Robin
  1775 | D:3      | Found a sacrificial altar of Ru.
  1784 | D:3      | Noticed Ijyb
  1792 | D:3      | Paralysed by something for 4 turns
  1808 | D:3      | Paralysed by something for 2 turns
  1818 | D:3      | Paralysed by something for 4 turns
  1823 | D:3      | Paralysed by something for 7 turns
  1841 | D:3      | Killed Ijyb
  1841 | D:3      | Reached XP level 5. HP: 27/46 MP: 7/9
  2029 | D:3      | Noticed Natasha
  2047 | D:3      | Killed Natasha
  2266 | D:3      | Noticed Natasha
  2276 | D:3      | Killed Natasha
  2276 | D:3      | Reached skill level 1 in Short Blades
  2330 | D:3      | Noticed Natasha
  2340 | D:3      | Killed Natasha
  2470 | D:2      | Killed Robin
  2552 | D:2      | Found a shimmering altar of Xom.
  2552 | D:2      | Found a shimmering altar of Xom.
  2917 | D:4      | Reached skill level 6 in Evocations
  2917 | D:4      | Reached XP level 6. HP: 37/56 MP: 10/10
  3203 | D:4      | Found a sparkling altar of Nemelex Xobeh.
  3229 | D:4      | Noticed Menkaure
  3240 | D:4      | Killed Menkaure
  3240 | D:4      | Reached XP level 7. HP: 10/63 MP: 9/11
  3243 | D:4      | Found a bloodstained altar of Trog.
  3465 | D:4      | Found a sacrificial altar of Ru.
  3465 | D:4      | Found an opulent altar of Gozag.
  3466 | D:4      | Found a blossoming altar of Fedhas.
  3558 | D:5      | Entered Level 5 of the Dungeon
  3609 | D:5      | Reached skill level 7 in Evocations
  3658 | D:5      | Found a shimmering altar of Xom.
  3864 | D:6      | Reached XP level 8. HP: 32/73 MP: 11/11
  3902 | D:6      | Found an iron altar of Okawaru.
  3961 | D:6      | Found Fiutiwir's Assorted Antiques.
  3967 | D:6      | Bought a potion of curing for 96 gold pieces
  3967 | D:6      | Bought a scroll labeled WIDDEBR BISO for 32 gold pieces
  3967 | D:6      | Bought a potion of curing for 96 gold pieces
  3967 | D:6      | Bought a scroll labeled RAIZAE QUOB for 32 gold pieces
  4017 | D:6      | Got a pitted pewter ring
  4091 | D:7      | Identified the ring "Boogg" {*Slow rElec rF+ Str+7} (You
                  | found it on level 6 of the Dungeon)
  4124 | D:7      | Found a staircase to the Ecumenical Temple.
  4124 | D:7      | Noticed a hippogriff
  4133 | Temple   | Entered the Ecumenical Temple
  4180 | Temple   | Became a worshipper of Makhleb the Destroyer
  4276 | D:7      | Reached skill level 8 in Evocations
  4449 | D:8      | Reached skill level 5 in Fighting
  4469 | D:8      | Learned a level 2 spell: Blink
  4707 | D:8      | Slain by a killer bee

Levels and vault maps discovered:
D:1:      dpeg_arrival_prison, layout_basic, minmay_misc_feat_enclosed,
          minmay_cut_off
D:2:      layout_loops_ring, xom_redecorated, uniq_robin
D:3:      layout_loops_ring, first_ration, st_stairs_9, nicolae_ru_awakened_eye,
          uniq_ijyb, uniq_natasha
D:4:      layout_rooms, gammafunk_temple_overflow_claw, lemuel_crystal_altar,
          serial_bayou_pond_d, fountainhead, chequers_serial_rivers_micro_a,
          nemelex_spade_bored_becter, uniq_menkaure
D:5:      layout_rooms, basic_altar, solitary_fountain
D:6:      layout_basic, kennysheep_mini_moat, serial_shops,
          nicolae_shop_overgrown_old_shop
D:7:      layout_gridville, minmay_temple_entry_crystal_x
D:8:      layout_loops_ring
Temple:   compressed_dpeg_circular_temple

Skill      XL: |  1  2  3  4  5  6  7  8 |
---------------+-------------------------+-----
Fighting       | 1 2 3 4 5 |  5.3
Armour         | 1 2 3 4 |  4.3
Evocations     | 5 6 7 8 |  8.8
Dodging        | 3 4 |  4.9
Short Blades   | 1 2 3 4 |  4.5
Stealth        | |  1.2

Action                   |  1- 3 |  4- 6 |  7- 9 || total
-------------------------+-------+-------+-------++-------
Melee: Short sword       |    93 |   129 |       ||   222
       Rapier            |       |    77 |   202 ||   279
Throw: Dart              |     4 |    12 |    15 ||    31
 Abil: Heal Wounds       |       |     3 |     4 ||     7
Evoke: Wand              |     7 |    10 |    17 ||    34
  Use: Potion            |     1 |     6 |     3 ||    10
       Scroll            |       |     9 |    10 ||    19
 Stab: Sleeping          |     2 |       |     1 ||     3
       Paralysed         |       |     1 |       ||     1
  Eat: Chunk             |     1 |     5 |     5 ||    11
       Ration            |       |     1 |       ||     1
Armor: Leather armour    |    30 |    66 |    82 ||   178
Dodge: Dodged            |    68 |   168 |   130 ||   366
